 Dungeon Crawl Stone Soup version 0.32-a0-30-gefbe487952 (webtiles) character file.

Game seed: 2047621335977578555

613 IdlyInterested the Ruffian (level 7, -2/52 HPs)
             Began as a Demonspawn Gladiator on Jan 19, 2024.
             Killed from afar by an orc wizard (9 damage)
             ... with a magic dart
             ... on level 5 of the Dungeon.
             The game lasted 00:13:50 (3433 turns).

IdlyInterested the Ruffian (Demonspawn Gladiator)   Turns: 3433, Time: 00:13:50

Health: -2/52      AC: 11    Str: 16    XL:     7   Next: 20%
Magic:  7/7        EV:  8    Int:  9    God:
Gold:   201        SH:  0    Dex: 20    Spells: 6/6 levels left

rFire   + .          .
                       - Unarmed
rCold   + + .        (no shield)
rNeg    . . .        B - +0 chain mail
rPois   .            (helmet restricted)
rElec   .            h - scarf {rC+ rF+}
rCorr   .            (no gloves)
SInv    .            z - +0 pair of boots
Will    .....        (no amulet) Stlth
                     n - +6 ring of dexterity
HPRegen 0.28/turn    D - ring of protection from cold
MPRegen 0.10/turn

%: no passive effects
@: on berserk cooldown, slowed, studying Evocations, very slow
A: antennae 1, yellow scales 1, foul stench 2
a: no special abilities


You were on level 5 of the Dungeon.
You visited 1 branch of the dungeon, and saw 5 of its levels.
You also visited: Sewer.

You collected 201 gold pieces.

Inventory:

Hand Weapons
 r - a +1 spear
Missiles
 c - 5 throwing nets
 f - 24 stones (quivered)
 y - 2 curare-tipped darts
Armour
 h - a scarf of resistance (worn)
 z - a +0 pair of boots (worn)
 B - a +0 chain mail (worn)
Magical Staves
 q - a staff of death
Jewellery
 e - a ring of fire
 n - a +6 ring of dexterity (left hand)
 x - a ring of flight
 C - a ring of magical power
 D - a ring of protection from cold (right hand)
Talismans
 A - a blade talisman
Scrolls
 a - a scroll of immolation
 g - a scroll of acquirement
 j - a scroll of fog
 k - a scroll of amnesia
 m - a scroll of teleportation
 s - 2 scrolls of enchant armour {unknown}
 v - a scroll of vulnerability
Potions
 b - a potion of berserk rage
 i - a potion of heal wounds {unknown}
 l - a potion of degeneration {unknown}
 o - a potion of curing
 p - a potion of haste {unknown}
 t - a potion of invisibility {unknown}
 u - a potion of enlightenment {unknown}
 w - a potion of resistance {unknown}


   Skills:
 + Level 3.0 Fighting
 - Level 2.0 Throwing
 - Level 1.0 Armour
 - Level 3.0 Dodging
 - Level 1.0 Stealth
 - Level 1.0 Shields
 * Level 6.6 Unarmed Combat
 - Level 1.0 Evocations
 - Level 1.0 Shapeshifting


You had 6 spell levels left.
You didn't know any spells.
Your spell library contained the following spells:

 Spells                   Type           Power      Damage    Failure   Level
 Tukima's Dance           Hex            0%         N/A       100%        3
 Dimensional Bullseye     Hex/Tloc       0%         N/A       100%        4
 Iskenderun's Mystic Bla  Conj/Tloc      0%         2d3       100%        4
 Summon Forest            Summ/Tloc      0%         N/A       100%        5
 Summon Mana Viper        Hex/Summ       0%         N/A       100%        5
 Summon Cactus Giant      Summ           0%         N/A       100%        6


Dungeon Overview and Level Annotations

Branches:
Dungeon (5/15)              Sewer (visited)
 Temple: D:4-7

Altars:


Innate Abilities, Weirdness & Mutations

You have a pair of small antennae on your head.
You are partially covered in yellow scales. (AC +2)
You sometimes emit foul miasma when damaged in melee.


Message History

You're too confused to move!
The orc priest shouts!
The gnoll hits you with a +0 flail!
* * * LOW HITPOINT WARNING * * *
You emit a cloud of foul miasma!
The gnoll closely misses you.
The gnoll hits you from afar with a +0 spear.
* * * LOW HITPOINT WARNING * * *
You punch the gnoll!
The gnoll is severely wounded.
The gnoll is engulfed in dark miasma.
The gnoll is poisoned.
The gnoll hits you but does no damage. The gnoll barely misses you. x2
The gnoll is engulfed in dark miasma.
The gnoll looks even sicker.
A red film seems to cover your vision as you go berserk!
You feel yourself moving faster!
You feel mighty! The gnoll barely misses you.
You feel a strong urge to attack something.
You kill the gnoll!
You are more confused.
You barely miss the gnoll.
The gnoll is severely wounded.
The gnoll hits you but does no damage.
You hit the gnoll.
You kill the gnoll!
The gnoll hits you from afar with a +0 spear.
* * * LOW HITPOINT WARNING * * *
Things that are here:
a +0 flail; a +0 flail You bump into the rock wall.
You feel a strong urge to attack something.
The gnoll hits you with a +0 spear.
* * * LOW HITPOINT WARNING * * *
You are no longer berserk.
You are exhausted.
You feel yourself slow down.
You hear some strange, mumbled words.
Something tries to affect you, but you resist.
The gnoll hits you but does no damage.
It was a potion of curing.
You feel better.
A magic dart appears from out of thin air!
The magic dart hits you!
You die...

....... ##.
..$...... .[
......... #.#
.#....... #..
##......... .
#.##{.oo...... ...
#.....#.......
.....###..@##o......
.........<.)gg....(.
.....###.########...
... #.# . #.# ..?
... ..... .....


You could see an orc priest, 2 gnolls and an orc.

Vanquished Creatures
  Pargi (Sewer)
  2 phantoms
  A brain worm (Sewer)
  A bombardier beetle (D:3)
  An iguana (D:5)
  A sleepcap (D:5)
  An orc wizard (D:4)
  7 adders
  5 gnolls
  A river rat (D:4)
  5 orcs (D:4)
  11 bats
  An endoplasm (D:1)
  2 giant cockroaches
  3 goblins
  8 hobgoblins
  3 jackals (D:3)
  7 kobolds
  5 quokkas
  6 ball pythons
  2 frilled lizards (D:1)
  3 rats
77 creatures vanquished.

Notes
Turn   | Place    | Note
-------+----------+-------------------------------------------
     0 | D:1      | IdlyInterested the Demonspawn Gladiator began the quest for
                  | the Orb.
     0 | D:1      | Reached XP level 1. HP: 16/16 MP: 1/1
   145 | D:1      | Gained mutation: You have a pair of small antennae on your
                  | head. [demonic ancestry]
   145 | D:1      | Reached XP level 2. HP: 18/23 MP: 2/2
   559 | D:2      | Identified 2 scrolls of acquirement
   559 | D:2      | Acquired a manual of Evocations
   774 | D:2      | Reached skill level 3 in Unarmed Combat
  1178 | D:3      | Reached XP level 3. HP: 28/28 MP: 3/3
  1488 | D:3      | Gained mutation: You may rarely emit foul miasma when
                  | damaged in melee. [demonic ancestry]
  1488 | D:3      | Reached XP level 4. HP: 33/35 MP: 4/4
  1830 | D:3      | Reached skill level 4 in Unarmed Combat
  2029 | D:3      | Identified the +1 sling of Generosity {freeze, Fly Will-
                  | rCorr Int-4}
  2213 | D:4      | Noticed a phantom
  2231 | D:4      | Killed a phantom
  2232 | D:4      | Reached skill level 1 in Armour
  2232 | D:4      | Gained mutation: You are partially covered in yellow
                  | scales. (AC +2) [demonic ancestry]
  2232 | D:4      | Reached XP level 5. HP: 17/41 MP: 5/5
  2308 | D:4      | Reached skill level 5 in Unarmed Combat
  2328 | D:4      | Found a glowing drain.
  2351 | Sewer    | Entered a sewer
  2430 | Sewer    | Reached skill level 1 in Stealth
  2440 | Sewer    | Gained mutation: You sometimes emit foul miasma when
                  | damaged in melee. [demonic ancestry]
  2440 | Sewer    | Reached XP level 6. HP: 34/47 MP: 3/6
  2502 | Sewer    | Noticed Pargi
  2524 | Sewer    | Killed Pargi
  2525 | Sewer    | Reached skill level 1 in Shields
  2750 | D:4      | Reached skill level 6 in Unarmed Combat
  3327 | D:5      | Entered Level 5 of the Dungeon
  3406 | D:5      | Reached skill level 1 in Shapeshifting
  3406 | D:5      | Reached XP level 7. HP: 34/52 MP: 7/7
  3417 | D:5      | Reached skill level 1 in Evocations
  3431 | D:5      | HP: 3/78 [gnoll/+0 spear (4)]
  3433 | D:5      | Killed from afar by an orc wizard

Illustrated notes

Levels and vault maps discovered:
D:1:      dpeg_arrival_arbitrary_c, layout_rooms, nicolae_houndstooth_variations
D:2:      layout_rooms, minmay_crystal_water
D:3:      layout_loops_cross
D:4:      layout_basic, portal_sewer_entry_c, nicolae_twisty_statue_hallways
D:5:      layout_rooms

Skill      XL: |  1  2  3  4  5  6  7 |
---------------+----------------------+-----
Dodging        | 3 |  3.0
Unarmed Combat | 3 4 5 6 |  6.6
Fighting       | 3 |  3.0
Throwing       | 2 |  2.0
Armour         | 1 |  1.0
Stealth        | 1 |  1.0
Shields        | 1 |  1.0
Shapeshifting  | 1 |  1.0
Evocations     | 1 |  1.0

Action                     |  1- 3 |  4- 6 |  7- 9 || total
---------------------------+-------+-------+-------++-------
  Melee: Unarmed           |    99 |   185 |    14 ||   298
         Punch             |     3 |     8 |       ||    11
  Throw: Stone             |       |     8 |     1 ||     9
         Dart              |       |     5 |       ||     5
         Javelin           |       |     1 |     1 ||     2
    Use: Scroll            |     3 |     6 |       ||     9
         Potion            |     3 |       |     2 ||     5
   Stab: Sleeping          |     1 |       |       ||     1
 Armour: Leather armour    |    65 |   101 |       ||   166
         Chain mail        |       |    28 |    16 ||    44
  Dodge: Dodged            |    52 |   127 |     6 ||   185

Table legend: (Time is in decaauts)
 A = Elapsed time spent in this place.
 B = Non-inter-level travel time spent in this place.
 C = Inter-level travel time spent in this place.
 D = Time resting spent in this place.
 E = Time spent auto-exploring this place.
 F = Levels seen in this place.
 G = Mean time per level.
                   A        B        C        D        E       F      G
               +--------+--------+--------+--------+--------+-----+--------+
         Total |   3405 |   3192 |    213 |    549 |   1706 |   6 |  567.5 |
       Dungeon |   3116 |   2903 |    213 |    396 |   1698 |   5 |  623.2 |
         Sewer |    288 |    288 |      0 |    153 |      8 |   1 |  288.0 |
               +--------+--------+--------+--------+--------+-----+--------+

Top non-repeatable levels by time:
     D:3: 1068 daAuts
     D:4: 853 daAuts
     D:2: 572 daAuts
     D:1: 557 daAuts
   Sewer: 288 daAuts
     D:5: 65 daAuts
